 Dungeon Crawl Stone Soup version 0.28-a0-724-g66f9036eb4 (webtiles) character file.

Game seed: 2337644315895131879

4 ABBCCCDDDD the Sneak (level 1, -8/20 HPs)
             Began as a Minotaur Delver on Oct 26, 2021.
             Mangled by a gnoll shaman (11 damage)
             ... on level 5 of the Dungeon.
             The game lasted 00:00:25 (15 turns).

ABBCCCDDDD the Sneak (Minotaur Delver)                Turns: 15, Time: 00:00:26

Health: -8/20      AC:  3    Str: 16    XL:     1   Next: 50%
Magic:  0/0        EV: 11    Int:  7    God:
Gold:   0          SH:  0    Dex: 11    Spells: 0/0 levels left

rFire   . . .      SeeInvis .   a - +0 hand axe
rCold   . . .      Faith    .   (no shield)
rNeg    . . .      Spirit   .   b - +0 leather armour
rPois   .          Reflect  .   (helmet restricted)
rElec   .          Harm     .   (no cloak)
rCorr   .          Rampage  .   (no gloves)
Will    .....                   (no boots)
Stlth   ++........              (no amulet)
HPRegen 0.06/turn               (no ring)
MPRegen 0.07/turn               (no ring)

@: hasted, very quick
A: horns 2, retaliatory headbutt
a: no special abilities


You were on level 5 of the Dungeon.
You visited 1 branch of the dungeon, and saw 2 of its levels.

Inventory:

Hand Weapons
 a - a +0 hand axe (weapon)
Armour
 b - a +0 leather armour (worn)
Wands
 g - a wand of digging (3)
Scrolls
 c - a scroll of fog
 d - a scroll of magic mapping
 e - a scroll of fear


   Skills:
 + Level 3.7 Fighting
 * Level 2.7 Axes
 + Level 0.4 Armour
 - Level 2.1 Dodging
 - Level 4.1 Stealth


You couldn't memorise any spells.
You didn't know any spells.
Your spell library was empty.

Dungeon Overview and Level Annotations

Branches:
Dungeon (6/15)
 Temple: D:4-7

Altars:


Innate Abilities, Weirdness & Mutations

You have a pair of horns on your head.
You reflexively headbutt those who attack you in melee.


Message History

The gnoll shouts!
The hound barks!
Found 6 boomerangs.
There is a stone staircase leading up here.
The orc barely misses you. The orc hits you but does no damage.
The gnoll barely misses you. The gnoll closely misses you.
The gnoll shaman calls down the wrath of its god upon you.
You resist with significant effort.
You climb upwards.
There is a stone staircase leading down here.
Sorry, you're not good enough to have a special ability.
Unknown command.
You closely miss the orc. You headbutt the orc.
The orc is almost dead.
You hit the orc. You hit the gnoll. The orc hits you with a +0 club.
The orc closely misses you. The gnoll hits you with a +0 club.
You barely miss the orc. You headbutt the orc.
You kill the orc!
You hit the orc. You hit the gnoll. The orc closely misses you.
The gnoll hits you with a +0 club.
You see here a +0 club.
You hit the orc.
You kill the orc!
You hit the gnoll shaman.
The gnoll shaman is lightly wounded.
The gnoll shaman mumbles some strange prayers to its god against you.
You resist with significant effort.
You hit the gnoll shaman. Your headbutt misses the gnoll shaman.
The gnoll shaman is moderately wounded.
The gnoll shaman completely misses you. You furiously retaliate!
You headbutt the gnoll shaman, but do no damage.
You hit the gnoll shaman.
The gnoll shaman is heavily wounded.
The gnoll shaman hits you with a +0 club!
* * * LOW HITPOINT WARNING * * *
Okay, then.
The gnoll shaman calls upon its god to heal something.
You feel yourself speed up.
The gnoll shaman hits you with a +0 club!
Ouch! That really hurt!
You die...

# ## ##.#
###. .#.
#...#..
#.#...
#.##.#
#.##@#
##.##g###.#
#..g).....#
#.#######.#
#. #. #. #.
#.


You could see a gnoll shaman.

Levels and vault maps discovered:
D:5:      cheibrodos_fzero, layout_loops_ring, uniq_duvessa,
          uniq_crazy_yiuf_cottage
D:6:      layout_basic, mainiacjoe_overflow_24_doors, uniq_pikel

Notes
Turn   | Place    | Note
-------+----------+-------------------------------------------
     0 | D:5      | ABBCCCDDDD the Minotaur Delver began the quest for the Orb.
     0 | D:5      | Reached XP level 1. HP: 19/19 MP: 0/0
     3 | D:6      | Noticed a gnoll shaman
     3 | D:6      | Noticed a hound
    15 | D:5      | Mangled by a gnoll shaman

Table legend: (Time is in decaauts)
 A = Elapsed time spent in this place.
 B = Non-inter-level travel time spent in this place.
 C = Inter-level travel time spent in this place.
 D = Time resting spent in this place.
 E = Time spent auto-exploring this place.
 F = Levels seen in this place.
 G = Mean time per level.
                   A        B        C        D        E       F      G
               +--------+--------+--------+--------+--------+-----+--------+
         Total |     16 |     16 |      0 |      0 |      0 |   2 |    8.0 |
       Dungeon |     16 |     16 |      0 |      0 |      0 |   2 |    8.0 |
               +--------+--------+--------+--------+--------+-----+--------+

Top non-repeatable levels by time:
     D:5: 14 daAuts
     D:6: 1 daAuts

Table legend:
 A = Kills in this place as a percentage of kills in entire the game.
 B = Kills by you in this place as a percentage of kills by you in the entire game.
 C = Kills by friends in this place as a percentage of kills by friends in the entire game.
 D = Other kills in this place as a percentage of other kills in the entire game.
 E = Experience gained in this place as a percentage of experience gained in the entire game.
 F = Experience gained in this place divided by the number of levels of this place that you have seen.
                   A       B       C       D       E      F
               +-------+-------+-------+-------+-------+----------------------
         Total | 100.0 | 100.0 |   N/A |   N/A | 100.0 |   3.0
       Dungeon | 100.0 | 100.0 |   N/A |   N/A | 100.0 |   3.0
               +-------+-------+-------+-------+-------+----------------------

Action                   || total
-------------------------++-------
Melee: Hand axe          ||     6
       Headbutt          ||     2
  Use: Potion            ||     1
Armor: Leather armour    ||     1
Dodge: Dodged            ||     6

Vanquished Creatures
  2 orcs (D:5)
2 creatures vanquished.
